 Dungeon Crawl Stone Soup version 0.20.0-1-g1cb1d84 (webtiles) character file.

51 theElss the Skirmisher (level 3, 0/36 HPs)
             Began as a Gargoyle Berserker on May 26, 2017.
             Was a Believer of Trog.
             Slain by Ijyb
             ... wielding a +0 club
              (3 damage)
             ... on level 4 of the Dungeon.
             The game lasted 00:03:20 (1398 turns).

theElss the Skirmisher (Gargoyle Berserker)         Turns: 1398, Time: 00:03:20

Health: 0/36       AC:  5    Str: 26    XL:     3   Next: 81%
Magic:  3/3        EV: 12    Int:  7    God:    Trog [**....]
Gold:   30         SH:  0    Dex:  9    Spells: 2/2 levels left

rFire    . . .     SeeInvis .   a - +0 mace
rCold    . . .     Gourm    .   (no shield)
rNeg     + . .     Faith    .   b - +0 animal skin
rPois    ∞         Spirit   .   (no helmet)
rElec    +         Reflect  .   (no cloak)
rCorr    .         Harm     .   (no gloves)
MR       .....                  (no boots)
Stlth    ..........             (no amulet)
Regen    0.2/turn               (no ring)
MPRegen  0.1/turn               (no ring)

@: berserking, very quick
A: negative energy resistance 1, electricity resistance, unbreathing,
petrification resistance, rot immunity, AC +3
a: Berserk, Trog's Hand, Burn Spellbooks, Renounce Religion


You were on level 4 of the Dungeon.
You worshipped Trog.
Trog was pleased with you.
You were very hungry.

You visited 1 branch of the dungeon, and saw 3 of its levels.

You collected 30 gold pieces.

Inventory:

Hand Weapons
 a - a +0 mace (weapon)
Armour
 b - a +0 animal skin (worn)
Jewellery
 k - an uncursed ring of stealth {unknown}
Scrolls
 d - 2 scrolls of remove curse {unknown}
 h - a scroll of teleportation {unknown}
 i - a scroll of identify {unknown}
Potions
 e - a potion of ambrosia {unknown}
 g - a potion of invisibility {unknown}
 l - a potion of curing {unknown}
 m - a potion of lignification {unknown}
Comestibles
 c - a bread ration
 f - 3 fruits
 j - 2 chunks of flesh


   Skills:
 + Level 3.8 Fighting
 + Level 3.6 Maces & Flails
 + Level 2.3 Armour
 + Level 2.2 Dodging


You had 2 spell levels left.
You didn't know any spells.

Dungeon Overview and Level Annotations

Branches:
Dungeon (2/15)

Altars:
Cheibriados
Hepliaklqana

Annotations:
D:4 Ijyb


Innate Abilities, Weirdness & Mutations

You are resistant to torment.
Your stone body is resilient. (AC +3)
You are immune to poison.
You resist negative energy. (rN+)
You are resistant to electric shocks. (rElec)
You can survive without breathing.
You are immune to petrification.
You are immune to rotting.


Message History

* * * LOW HITPOINT WARNING * * *
Ijyb hits you but does no damage.
You sock Ijyb!
Ijyb is almost dead.
Ijyb barely misses you.
You closely miss Ijyb.
Ijyb is almost dead.
Ijyb hits you with a club.
* * * LOW HITPOINT WARNING * * *
You closely miss Ijyb.
Ijyb is almost dead.
Ijyb zaps a wand.
The puff of flame hits you!
* * * LOW HITPOINT WARNING * * *
You barely miss Ijyb.
Ijyb is almost dead.
Ijyb hits you but does no damage.
You barely miss Ijyb.
Ijyb is almost dead.
Ijyb hits you with a club.
You die...

####......#
#...(####.#
.###.##.#.#### ##
##........### #
#...#......# ##
##.....##.#.###
.###.##.#.##.....#
....#####.####.#(#
..### #.####.#@#
..# #......#g#
#.## ########S#
...# #.# .#.# #.#
.#.# #.. .#.# #.#
.#.# ... ...#


You could see Ijyb and an adder.

Vanquished Creatures
  2 oozes
  3 dart slugs (D:1)
  2 leopard geckos
  3 goblins (D:1)
  4 hobgoblins (D:1)
  3 jackals (D:1)
  A ball python (D:1)
  4 bats (D:1)
  4 frilled lizards
  5 kobolds
  A quokka skeleton (D:4)
  A rat (D:2)
33 creatures vanquished.

Notes
Turn   | Place    | Note
-------+----------+-------------------------------------------
     0 | D:1      | theElss the Gargoyle Berserker began the quest for the Orb.
     0 | D:1      | Reached XP level 1. HP: 14/14 MP: 1/1
   137 | D:1      | Reached XP level 2. HP: 15/19 MP: 2/2
   158 | D:1      | Found a snail-covered altar of Cheibriados.
   549 | D:1      | Reached XP level 3. HP: 20/24 MP: 3/3
  1049 | D:1      | Found a hazy altar of Hepliaklqana.
  1187 | D:2      | Reached ** piety under Trog
  1310 | D:2      | You fall through a shaft for 2 floors!
  1385 | D:4      | Noticed Ijyb
  1398 | D:4      | Slain by Ijyb

Skill      XL: |  1  2 |
---------------+-------+-----
Dodging        | 2 |  2.2
Fighting       | |  3.8
Maces & Flails | |  3.6
Armour         | |  2.3

Action                   || total
-------------------------++-------
Melee: Mace              ||   107
Invok: Berserk           ||     3
  Eat: Chunk             ||     3
Armor: Animal skin       ||    46
Dodge: Dodged            ||    98
